 Dungeon Crawl Stone Soup version 0.21-a0-349-g0c35859 (webtiles) character file.

74 KristoblXynda the Sneak (level 4, -3/39 HPs)
             Began as a Naga Warper on Oct 7, 2017.
             Slain by a hound (4 damage)
             ... on level 4 of the Dungeon.
             The game lasted 00:04:45 (2150 turns).

KristoblXynda the Sneak (Naga Warper)               Turns: 2150, Time: 00:04:46

Health: -3/39      AC:  4    Str: 14    XL:     4   Next: 28%
Magic:  7/7        EV:  9    Int: 14    God:
Gold:   88         SH:  0    Dex: 10    Spells: 5/7 levels left

rFire    . . .     SeeInvis +   a - +0 spear
rCold    . . .     Gourm    .   (no shield)
rNeg     . . .     Faith    .   b - +0 leather armour
rPois    +         Spirit   .   j - +0 helmet
rElec    .         Reflect  .   (no cloak)
rCorr    .         Harm     .   (no gloves)
MR       .....                  (no barding)
Stlth    ++........             (no amulet)
HPRegen  0.13/turn              (no ring)
MPRegen  0.10/turn              (no ring)

@: short of breath, very slow
A: see invisible, deformed body, poison resistance, slowness 2, slow metabolism
1, spit poison 1, AC +1
a: Spit Poison


You were on level 4 of the Dungeon.
You were not hungry.

You visited 1 branch of the dungeon, and saw 4 of its levels.

You collected 88 gold pieces.

Inventory:

Hand Weapons
 a - a +0 spear (weapon)
Missiles
 e - 3 tomahawks of dispersal (quivered)
Armour
 b - a +0 leather armour (worn)
 j - a +0 helmet (worn)
Jewellery
 k - a +5 amulet of reflection {unknown}
Wands
 o - a wand of lightning (4/15)
Scrolls
 d - 2 scrolls of blinking
 g - a scroll of amnesia {unknown}
 h - a scroll of fear {unknown}
 n - a scroll of identify {unknown}
Books
 c - a book of Spatial Translocations

   Spells                             Type                      Level
   a - Blink                          Translocation                2
   b - Shroud of Golubria             Charms/Translocation         2
   c - Lesser Beckoning               Translocation                3
   d - Gell's Gravitas                Translocation                3
   e - Teleport Other                 Translocation                3
   f - Passage of Golubria            Translocation                4
Comestibles
 f - 2 bread rations
 m - 3 fruits


   Skills:
 - Level 2.0 Fighting
 + Level 3.0 Polearms
 - Level 1.0 Throwing
 - Level 1.2 Armour
 + Level 2.1 Dodging
 + Level 3.2 Stealth
 - Level 2.0 Spellcasting
 - Level 3.0 Translocations


You had 5 spell levels left.
You knew the following spells:

 Your Spells              Type           Power        Failure   Level  Hunger
a - Blink                 Tloc           N/A          13%         2    ###....


Dungeon Overview and Level Annotations

Branches:
Dungeon (4/15)
 Temple: D:4-7

Altars:
Hepliaklqana

Annotations:
D:3 Sigmund


Innate Abilities, Weirdness & Mutations

You cannot wear boots.
Your serpentine skin is tough. (AC +1)
You have supernaturally acute eyesight. (SInv)
Armour fits poorly on your strangely shaped body.
Your system is resistant to poisons. (rPois)
You cover ground very slowly.
You have a slow metabolism.
You can spit poison.


Message History

You throw a tomahawk of dispersal.
The tomahawk of dispersal hits the hound.
The hound blinks!
The hound is almost dead.
The orc completely misses you.
You hit the orc.
You kill the orc!
The hound bites you.
* * * LOW HITPOINT WARNING * * *
Press: ? - help, Shift-Dir - straight line, f/p - hound
Aim: a hound (almost dead)
The splash of poison misses the hound.
You feel slightly more hungry. The hound closely misses you.
Unknown command.
You miss the hound.
The hound is almost dead.
The hound bites you.
* * * LOW HITPOINT WARNING * * *
The hound bites you.
You die...

#. ######### ##.
#.......### ##...
#.........# .....
#.........### .....
#..<..........
#...###.############
###h...# #...@..#
#...###.##... .....
..#_(.. ....
#.##.... .$#
..##8... . ..# ##8#
.# ##


You could see a hound.

Vanquished Creatures
  3 adders
  An ooze (D:1)
  A dart slug (D:1)
  A leopard gecko (D:1)
  An orc (D:4)
  A ball python (D:1)
  3 giant cockroaches
  5 goblins
  3 hobgoblins
  2 jackals (D:2)
  4 bats (D:1)
  2 frilled lizards (D:2)
  6 kobolds
  7 rats
40 creatures vanquished.

Notes
Turn   | Place    | Note
-------+----------+-------------------------------------------
     0 | D:1      | KristoblXynda the Naga Warper began the quest for the Orb.
     0 | D:1      | Reached XP level 1. HP: 19/19 MP: 3/3
    15 | D:1      | Reached skill level 1 in Throwing
   167 | D:1      | Reached skill level 1 in Armour
   193 | D:1      | Reached skill level 1 in Stealth
   193 | D:1      | Reached XP level 2. HP: 11/26 MP: 5/5
   933 | D:2      | Reached XP level 3. HP: 27/32 MP: 6/6
   940 | D:2      | Learned a level 2 spell: Blink
  1507 | D:3      | Reached XP level 4. HP: 28/39 MP: 7/7
  1523 | D:3      | Noticed Sigmund
  2136 | D:4      | Found a hazy altar of Hepliaklqana.
  2150 | D:4      | HP: 1/39 [hound (6)]
  2150 | D:4      | Slain by a hound

Vault maps used:
D:1:      dpeg_arrival_rooms_with_view
D:2:      minmay_misc_feat_rugged
D:3:      first_bread, uniq_sigmund
D:4:      nicolae_overflow_hidden_temple, lemuel_coloured_pillars_altar,
          okawaru_metal_pillars_1_2

Skill      XL: |  1  2  3  4 |
---------------+-------------+-----
Throwing       | 1 |  1.0
Armour         | 1 |  1.2
Stealth        | 1 2 3 |  3.2
Dodging        | 2 |  2.1
Polearms       | 3 |  3.0
Fighting       | |  2.0
Spellcasting   | |  2.0
Translocations | |  3.0

Action                   |  1- 3 |  4- 6 || total
-------------------------+-------+-------++-------
Melee: Spear             |   134 |    27 ||   161
Throw: Tomahawk          |       |     2 ||     2
 Abil: Spit Poison       |     8 |     4 ||    12
Evoke: Wand              |       |     2 ||     2
  Use: Potion            |       |     1 ||     1
  Eat: Chunk             |     1 |     2 ||     3
Armor: Leather armour    |    37 |    14 ||    51
Dodge: Dodged            |    83 |    22 ||   105

Table legend:
 A = Spawn XP
 B = Non-spawn XP
 C = Spawn XP percentage of total XP
 D = Spawn monster count
 E = Non-spawn monster count
 F = Spawn count percentage of total count
 G = Total turns spent on level
                    A         B        C        D         E        F      G
               +---------+---------+-------+---------+---------+-------+---------
         Total |       0 |     106 |   0.0 |       0 |      40 |   0.0 |  2150
               +---------+---------+-------+---------+---------+-------+---------
           D:1 |       0 |      32 |   0.0 |       0 |      16 |   0.0 |   922
           D:2 |       0 |      35 |   0.0 |       0 |      14 |   0.0 |   731
           D:3 |       0 |      35 |   0.0 |       0 |       8 |   0.0 |   147
           D:4 |       0 |       4 |   0.0 |       0 |       2 |   0.0 |   350
               +---------+---------+-------+---------+---------+-------+---------
